[Event "Thursday Night Engine Tour 9 Rd Swiss 5m+1s Starts at 2200hrs ST"]
[Site "Infinity Chess"]
[Date "2018.4.12"]
[Round "8"]
[White "Deep_Impact"]
[Black "klasman"]
[Result "1-0"]
[ECO "E10"]
[WhiteElo "2496"]
[BlackElo "2406"]
[WhiteEngine "asmFishW_2018-04-07_bmi2"]
[BlackEngine "Raubfisch ME262_GTZ16f_CTG"]
[EventType "Swiss"]
[WhiteTeam ""]
[BlackTeam ""]
[PlyCount "123"]
[TimeControl "300+1"]

1. d4 Nf6 2. c4 e6 3. Nf3 d5 4. Nc3 c6 5. Bg5 h6 6. Bxf6 Qxf6 7. e3 Nd7 
8. Be2 g6 9. O-O Bg7 10. e4 dxe4 11. Nxe4 Qf4 12. Qc2 f5 13. Ned2 c5 14. g3 Qd6 
15. Nh4 Kf7 16. d5 e5 17. Rae1 e4 18. f3 e3 19. Nb3 Re8 20. f4 Nb6 21. Nc1 Bf6 
22. Kh1 Re7 23. Ng2 Bd7 24. Bd3 h5 25. Rxe3 Rxe3 26. Nxe3 Na4 27. b3 Nc3 
28. Nd1 Nxd1 29. Rxd1 h4 30. Ne2 Re8 31. Ng1 Ke7 32. Kg2 Kd8 33. Nf3 b6 
34. Qf2 hxg3 35. hxg3 Qf8 36. a3 Kc7 37. Qd2 Qd6 38. Rg1 a6 39. Rh1 Re7 
40. Kf2 Re8 41. Kg2 Re7 42. Be2 Kb8 43. b4 Bg7 44. Bd3 Kc7 45. Rb1 Kb7 
46. Rf1 Kc8 47. Rh1 Kc7 48. Rg1 Kb8 49. Rb1 Kb7 50. Bf1 Bf6 51. Be2 Kc8 
52. Rh1 Bg7 53. Rd1 Kb8 54. Ng5 Bf6 55. Bf3 Bd4 56. Rb1 Ka7 57. Rb3 Re8 
58. a4 Re7 59. Rd3 Kb8 60. Qd1 Bf6 61. Ne6 cxb4 62. a5 1-0

[Event "Thursday Night Engine Tour 9 Rd Swiss 5m+1s Starts at 2200hrs ST"]
[Site "Infinity Chess"]
[Date "2018.4.12"]
[Round "8"]
[White "OlivierEvan"]
[Black "RonWeasley"]
[Result "1/2-1/2"]
[ECO "A05"]
[WhiteElo "2442"]
[BlackElo "2502"]
[WhiteEngine "Houdini 6"]
[BlackEngine "BrainFish 090218_CTG"]
[EventType "Swiss"]
[WhiteTeam ""]
[BlackTeam ""]
[PlyCount "123"]
[TimeControl "300+1"]

1. Nf3 Nf6 2. d4 d5 3. c4 e6 4. Nc3 c6 5. Bg5 h6 6. Bxf6 Qxf6 7. e3 Nd7 
8. Bd3 dxc4 9. Bxc4 g6 10. O-O Bg7 11. e4 e5 12. Re1 O-O 13. d5 Rd8 14. h3 b5 
15. dxc6 bxc4 16. cxd7 Rxd7 17. Qc2 Qa6 18. Rad1 Rb8 19. Rxd7 Bxd7 20. Rd1 Be6 
21. Rd2 Rc8 22. h4 Qa5 23. Qd1 Rb8 24. g3 Kh7 25. Kg2 Qa6 26. Kg1 Qc8 
27. Qa4 Qc7 28. Qc2 Qa5 29. Kg2 Qa6 30. Kg1 Rb4 31. Nd5 Rb7 32. Nc3 Qc6 
33. Qa4 Qc7 34. Qc2 Qc8 35. Qd1 Qe8 36. Qa4 Qb8 37. Qc2 Qc8 38. Qd1 Rb6 
39. Qe2 Ra6 40. Qe3 Bg4 41. Nh2 Be6 42. Nf3 Bg4 43. Nh2 Bh3 44. a3 f5 
45. Nd5 fxe4 46. Nf1 h5 47. Qc3 Bxf1 48. Kxf1 Rd6 49. Kg1 Qc6 50. Nb4 e3 
51. Qxe3 Qc7 52. Rxd6 Qxd6 53. Qxa7 e4 54. Kg2 Qd2 55. Qe7 Qe2 56. Qf7 e3 
57. Nd5 exf2 58. Nf6+ Kh6 59. Ng8+ Kh7 60. Nf6+ Kh6 61. Ng8+ Kh7 62. Nf6+ 
1/2-1/2

[Event "Thursday Night Engine Tour 9 Rd Swiss 5m+1s Starts at 2200hrs ST"]
[Site "Infinity Chess"]
[Date "2018.4.12"]
[Round "8"]
[White "Arch Stanton"]
[Black "TasicV"]
[Result "1/2-1/2"]
[ECO "D30"]
[WhiteElo "2526"]
[BlackElo "2443"]
[WhiteEngine "stockfish_18041209_x64_bmi2_CTG"]
[BlackEngine "stockfish_9_x64_popcnt_CTG"]
[EventType "Swiss"]
[WhiteTeam ""]
[BlackTeam ""]
[PlyCount "195"]
[TimeControl "300+1"]

1. d4 d5 2. c4 e6 3. Nf3 Nf6 4. Nc3 c6 5. Bg5 h6 6. Bxf6 Qxf6 7. e3 Nd7 
8. Bd3 dxc4 9. Bxc4 g6 10. O-O Bg7 11. e4 e5 12. d5 Nb6 13. Bb3 Bg4 14. Re1 Bxf3 
15. Qxf3 Qxf3 16. gxf3 O-O 17. dxc6 bxc6 18. Na4 Rfc8 19. Red1 Rc7 20. Rd6 Nxa4 
21. Bxa4 Bf8 22. Rxc6 Rxc6 23. Bxc6 Rb8 24. b3 Ba3 25. Bd5 Rc8 26. Bc4 Rd8 
27. Re1 Rd2 28. Re2 Rxe2 29. Bxe2 Kg7 30. Kf1 f6 31. Bb5 h5 32. Be8 h4 
33. Ke2 Bc5 34. Kd3 Bxf2 35. Kc4 f5 36. h3 Kf6 37. Kd5 fxe4 38. fxe4 Be1 
39. a3 a5 40. Kc5 Bf2+ 41. Kd6 Be1 42. Kc5 Bf2+ 43. Kb5 Be1 44. Kc4 Bd2 
45. b4 axb4 46. axb4 g5 47. Bh5 Ke6 48. b5 Kd6 49. Kd3 Be1 50. Bg4 Ba5 
51. Ke2 Bb6 52. Bc8 Bc5 53. Bf5 Bd4 54. Kf3 Bb6 55. Bg4 Kc5 56. Bd7 Kd6 
57. Bg4 Bg1 58. Bc8 Bb6 59. Kg2 Kc5 60. Bd7 Bd8 61. Bc6 Bb6 62. Bd7 Bc7 
63. Kf2 Kd6 64. Bc6 Ke6 65. Be8 Bb6+ 66. Kf3 Bd8 67. Kg4 Kf6 68. Bd7 Bb6 
69. Kh5 Be3 70. Kg4 Bb6 71. Kh5 Bc5 72. Bg4 Bd4 73. Bc8 Bc5 74. Bd7 Be3 
75. Bc8 Bc5 76. Kg4 Bd4 77. Bb7 Kg6 78. Bd5 Kf6 79. Ba8 Bc5 80. Bb7 Bb6 
81. Bd5 Bg1 82. Bg8 Bf2 83. Bb3 Bd4 84. Bd1 Kg6 85. Kf3 Kf6 86. Kg2 Bb6 
87. Bg4 Bc5 88. Bd1 Bb6 89. Be2 Kg6 90. Kf3 Kg7 91. Bd1 Kf6 92. Bc2 Ke6 
93. Bb3+ Kf6 94. Bc2 Ba5 95. Kg4 Bb6 96. Bb3 Bg1 97. Kh5 Be3 98. Bd5 1/2-1/2

[Event "Thursday Night Engine Tour 9 Rd Swiss 5m+1s Starts at 2200hrs ST"]
[Site "Infinity Chess"]
[Date "2018.4.12"]
[Round "8"]
[White "MGR"]
[Black "Vimtiroba"]
[Result "1/2-1/2"]
[ECO "C50"]
[WhiteElo "2503"]
[BlackElo "2533"]
[WhiteEngine "asmFishW_2018-04-08_bmi2"]
[BlackEngine "SF9 ''A5''_CTG"]
[EventType "Swiss"]
[WhiteTeam ""]
[BlackTeam ""]
[PlyCount "146"]
[TimeControl "300+1"]

1. e4 e5 2. Nf3 Nc6 3. Bc4 Bc5 4. O-O Nf6 5. d3 O-O 6. c3 a5 7. d4 Bb6 
8. dxe5 Ng4 9. Bf4 Qe8 10. Qd5 Ne7 11. Qd2 Ng6 12. Na3 N6xe5 13. Nxe5 Nxe5 
14. Bb5 Qe7 15. Bg5 f6 16. Be3 Bxe3 17. Qxe3 d6 18. f4 Nd7 19. Bc4+ Kh8 
20. Nb5 c6 21. Nc7 Rb8 22. Ne6 Re8 23. Rad1 Nb6 24. Qxb6 Bxe6 25. Bxe6 Qxe6 
26. Rfe1 Qg4 27. Qe3 Qe6 28. b3 d5 29. e5 fxe5 30. fxe5 b6 31. a3 h6 32. h3 Rb7 
33. Qd4 b5 34. Rd3 Qe7 35. b4 a4 36. Rf3 Qe6 37. g4 Kg8 38. Kg2 Rbe7 39. Rf5 Rf7 
40. Ref1 Rxf5 41. Rxf5 Qe7 42. Qe3 g6 43. Rf1 h5 44. gxh5 Qxe5 45. Qxe5 Rxe5 
46. Rf6 gxh5 47. Rxc6 Re4 48. Kf2 d4 49. cxd4 Rxd4 50. Rc8+ Kf7 51. Rc3 Rf4+ 
52. Kg2 Re4 53. Kf2 Kg6 54. Rc6+ Kf5 55. Rc5+ Re5 56. Rc6 Ke4 57. Kg3 Kd4 
58. Kh4 Re3 59. Rc5 Rxa3 60. Rxb5 Ra1 61. Ra5 a3 62. Rc5 Re1 63. Rc2 Re3 
64. Rh2 Kc3 65. Kxh5 a2 66. Rxa2 Rxh3+ 67. Kg6 Kd4 68. b5 Kc4 69. Rb2 Rh8 
70. b6 Kc5 71. b7 Rb8 72. Rb1 Kc6 73. Ra1 Rxb7 1/2-1/2

[Event "Thursday Night Engine Tour 9 Rd Swiss 5m+1s Starts at 2200hrs ST"]
[Site "Infinity Chess"]
[Date "2018.4.12"]
[Round "8"]
[White "ocirema"]
[Black "Time_bandit"]
[Result "1/2-1/2"]
[ECO "C55"]
[WhiteElo "2503"]
[BlackElo "2565"]
[WhiteEngine "asmFishW_2018-04-11_popcnt"]
[BlackEngine "asmFishW_2018-02-02_popcnt"]
[EventType "Swiss"]
[WhiteTeam ""]
[BlackTeam ""]
[PlyCount "150"]
[TimeControl "300+1"]

1. e4 e5 2. Nf3 Nc6 3. Bc4 Nf6 4. d3 Bc5 5. c3 d6 6. O-O a5 7. Re1 O-O 8. h3 h6 
9. Nbd2 Be6 10. a4 Bb6 11. Bxe6 fxe6 12. Nc4 Bc5 13. Be3 Bxe3 14. Rxe3 Qd7 
15. Qb3 Nh5 16. Qb5 Rf7 17. d4 exd4 18. cxd4 Nf4 19. Rc1 Nb4 20. Qxd7 Rxd7 
21. Rd1 g5 22. Rd2 Ng6 23. g3 b6 24. Kg2 Rf7 25. Rc3 Na2 26. Rb3 Nb4 27. Rc3 Na2 
28. Rb3 Nb4 29. Ne3 Kh7 30. Ng4 Rc8 31. Rc3 Na2 32. Ra3 Nb4 33. Rc3 Na2 
34. Rc4 Rcf8 35. Ne1 Nb4 36. Rc3 Na2 37. Rf3 Nb4 38. Rc3 Na2 39. Rf3 Nb4 
40. Rxf7+ Rxf7 41. Nc2 Na6 42. Na3 Nb4 43. Nc2 Na6 44. Nge3 e5 45. Nd5 exd4 
46. Nxd4 Ne7 47. Nc3 Nc5 48. f3 Ng6 49. Rd1 h5 50. Kf2 h4 51. Ke3 hxg3 
52. Rg1 Kh6 53. Nf5+ Rxf5 54. exf5 Nh4 55. f4 Nxf5+ 56. Kf3 Ne6 57. Kg4 Ne3+ 
58. Kxg3 gxf4+ 59. Kf2 Ng5 60. Rh1 Kg6 61. Nb5 Kf5 62. Ke2 Ke5 63. Nxc7 Nf5 
64. Rd1 Nxh3 65. Re1 d5 66. Kf3+ Ne3 67. Ne6 Kxe6 68. Rh1 Nc4 69. Rxh3 Nxb2 
70. Rh6+ Ke5 71. Rxb6 Nxa4 72. Ra6 Nc5 73. Rxa5 Kd4 74. Ra8 Ne6 75. Ra1 Kd3 
1/2-1/2

[Event "Thursday Night Engine Tour 9 Rd Swiss 5m+1s Starts at 2200hrs ST"]
[Site "Infinity Chess"]
[Date "2018.4.12"]
[Round "8"]
[White "MCDermont"]
[Black "star99"]
[Result "1/2-1/2"]
[ECO "C42"]
[WhiteElo "2589"]
[BlackElo "2510"]
[WhiteEngine "BrainFish 090218"]
[BlackEngine "Cryptic Heroes 9.4B"]
[EventType "Swiss"]
[WhiteTeam ""]
[BlackTeam ""]
[PlyCount "148"]
[TimeControl "300+1"]

1. e4 e5 2. Nf3 Nf6 3. Nxe5 d6 4. Nf3 Nxe4 5. d4 d5 6. Bd3 Nc6 7. O-O Be7 
8. Nbd2 Nd6 9. c3 Bf5 10. Be2 O-O 11. Re1 a5 12. Nf1 a4 13. Bf4 Ne4 14. Ne3 Be6 
15. Nd2 f5 16. Nxe4 fxe4 17. Bg4 Bf7 18. f3 Bg5 19. Bxg5 Qxg5 20. fxe4 dxe4 
21. Bf5 Bh5 22. Bg4 Bf7 23. Qc2 Bg6 24. b3 a3 25. Qc1 Kh8 26. Bd7 Ne7 
27. Ng4 Qd5 28. Ne5 Qd6 29. Qe3 Nd5 30. Qg3 Rf6 31. Bg4 Re8 32. Rad1 Nf4 
33. Nc4 Qf8 34. Ne5 Qd6 35. Rf1 Ref8 36. Nd7 Qxd7 37. Rxf4 Qd6 38. Rxf6 gxf6 
39. Qxd6 cxd6 40. Be6 f5 41. g3 Kg7 42. Rf1 b6 43. c4 h5 44. Rf4 Kf6 45. Bd5 Re8 
46. Kg2 Re7 47. Kf2 Bf7 48. Bc6 Be8 49. Bd5 b5 50. Ke3 Bd7 51. Rf1 Rg7 
52. Kd2 Rg4 53. Ke3 Rg7 54. Kd2 Rg4 55. Ke3 b4 56. Rf4 Ke7 57. Rf1 h4 
58. Rf4 Rxf4 59. Kxf4 hxg3 60. hxg3 Ba4 61. c5 Bb5 62. Ke3 Kd7 63. Bf7 Bf1 
64. Bd5 Bd3 65. g4 dxc5 66. dxc5 fxg4 67. Bxe4 Ba6 68. Kf4 Be2 69. Bf5+ Kc6 
70. Bxg4 Bxg4 71. Kxg4 Kxc5 72. Kf3 Kd5 73. Ke3 Ke5 74. Kd2 Kd4 1/2-1/2

[Event "Thursday Night Engine Tour 9 Rd Swiss 5m+1s Starts at 2200hrs ST"]
[Site "Infinity Chess"]
[Date "2018.4.12"]
[Round "8"]
[White "localhero"]
[Black "xeonrocks"]
[Result "1/2-1/2"]
[ECO "C77"]
[WhiteElo "2506"]
[BlackElo "2599"]
[WhiteEngine "asmFishW_2017-10-04_popcnt"]
[BlackEngine "Stockfish_20180407_x64_bmi2_CTG"]
[EventType "Swiss"]
[WhiteTeam ""]
[BlackTeam ""]
[PlyCount "160"]
[TimeControl "300+1"]

1. e4 e5 2. Nf3 Nc6 3. Bb5 a6 4. Ba4 Nf6 5. O-O Be7 6. Re1 b5 7. Bb3 O-O 
8. c3 d5 9. exd5 Nxd5 10. Nxe5 Nxe5 11. Rxe5 c6 12. d4 Bd6 13. Re1 Qh4 
14. g3 Qh3 15. Be3 Be6 16. Qf3 a5 17. Qg2 Qxg2+ 18. Kxg2 Rfe8 19. Bd1 a4 
20. Bf3 a3 21. b3 Be7 22. h4 h6 23. Rc1 Red8 24. Kf1 Bf5 25. Kg2 Be6 26. Kf1 Bf5 
27. Nd2 c5 28. Be4 Bxe4 29. Nxe4 cxd4 30. Bxd4 Rac8 31. c4 Nb4 32. Bb6 Rd3 
33. cxb5 Rxc1+ 34. Rxc1 Nxa2 35. Rc7 Bb4 36. Ra7 Nc1 37. Be3 Nxb3 38. Ra4 Rd5 
39. b6 Na5 40. h5 Rb5 41. Nd2 f6 42. Ke2 Kf7 43. Kd3 Rd5+ 44. Ke4 Re5+ 
45. Kd4 Bxd2 46. Bxd2 Nb3+ 47. Kc3 Nxd2 48. Kxd2 Rb5 49. Rxa3 Rxb6 50. Ra7+ Kf8 
51. f3 Rc6 52. Ra8+ Ke7 53. Ra5 Rc7 54. f4 Kf7 55. g4 Ke6 56. Kd3 Rd7+ 
57. Ke3 Rb7 58. f5+ Kf7 59. Kf2 Ke7 60. Ra3 Kf8 61. Kf3 Kf7 62. Ra4 Ke7 
63. Ke4 Kf7 64. Kd5 Rd7+ 65. Kc6 Ke8 66. Ra8+ Ke7 67. Rg8 Rd4 68. Rxg7+ Kf8 
69. Rc7 Rxg4 70. Kd5 Ra4 71. Rc1 Ra7 72. Rc8+ Ke7 73. Rc5 Ra4 74. Rc1 Rf4 
75. Rc7+ Kd8 76. Ra7 Rxf5+ 77. Ke6 Rxh5 78. Kd6 Kc8 79. Ke6 f5 80. Ra5 Rh1 
1/2-1/2

[Event "Thursday Night Engine Tour 9 Rd Swiss 5m+1s Starts at 2200hrs ST"]
[Site "Infinity Chess"]
[Date "2018.4.12"]
[Round "8"]
[White "Victorious"]
[Black "BlitzMaster"]
[Result "1/2-1/2 "]
[ECO "C55"]
[WhiteElo "2601"]
[BlackElo "2556"]
[WhiteEngine "Cfish_x64_060418_LTO_popcnt"]
[BlackEngine "asmFishW_2018-04-11_popcnt"]
[EventType "Swiss"]
[WhiteTeam ""]
[BlackTeam ""]
[PlyCount "187"]
[TimeControl "300+1"]

1. e4 e5 2. Nf3 Nc6 3. Bc4 Nf6 4. d3 Bc5 5. O-O d6 6. c3 a5 7. Re1 Ba7 
8. Nbd2 O-O 9. Nf1 Be6 10. Bb5 Ne7 11. d4 exd4 12. Nxd4 Ng6 13. Ba4 h6 
14. Be3 Bc8 15. Bc2 Re8 16. Ng3 Ng4 17. Bc1 Bd7 18. h3 Nf6 19. Be3 a4 20. Qd3 d5 
21. exd5 Ne5 22. Qe2 Nxd5 23. Bd2 Nf6 24. Rad1 Bxd4 25. cxd4 Ng6 26. Qd3 Bc6 
27. f3 Rxe1+ 28. Rxe1 Nd5 29. Qf1 Ndf4 30. Qf2 Qf6 31. Ne4 Qe6 32. Nc3 Qc4 
33. Rd1 Rd8 34. Bc1 b5 35. Kh2 Qe6 36. a3 Re8 37. Bb1 Nd5 38. Ne4 Nge7 
39. Nc5 Qd6+ 40. Qg3 Rd8 41. Bd3 Ng6 42. Qxd6 cxd6 43. Ne4 Ngf4 44. Bb1 Kf8 
45. Bd2 Ke7 46. h4 Ne6 47. h5 Kd7 48. Ng3 Ne7 49. Nf5 Nxf5 50. Bxf5 Bd5 
51. Kg3 Rg8 52. Rc1 Rc8 53. Rh1 Bc4 54. Kf2 Rg8 55. Bc3 Kc6 56. Re1 Kd7 
57. Rh1 Kc6 58. Re1 Kd7 59. g4 g5 60. Rd1 Bd5 61. Bb4 Rc8 62. Kg3 Rb8 
63. Ra1 Kc6 64. Rc1+ Kd7 65. Rf1 Re8 66. Kf2 Rf8 67. Kg3 Ke7 68. Re1 Kd7 
69. Rc1 Rg8 70. Ba5 Ke7 71. Bb4 Kd7 72. Kg2 Ke7 73. Re1 Kd7 74. Kf2 Bc4 
75. Re3 Rb8 76. Kg3 Bd5 77. Rc3 Rg8 78. Kf2 Re8 79. Ba5 Ke7 80. Bb4 Rd8 
81. Re3 Bc4 82. Ba5 Re8 83. Bd2 Kd7 84. Bc3 Bd5 85. Bd2 Kc6 86. Bb4 Rb8 
87. Bc3 Rf8 88. Bc2 Kd7 89. Bd3 Kc6 90. Re1 Nf4 91. Bb1 Kc7 92. Bf5 Be6 
93. Bb1 Nd5 94. Be4 1/2-1/2

[Event "Thursday Night Engine Tour 9 Rd Swiss 5m+1s Starts at 2200hrs ST"]
[Site "Infinity Chess"]
[Date "2018.4.12"]
[Round "7"]
[White "klasman"]
[Black "TasicV"]
[Result "0-1"]
[ECO "D02"]
[WhiteElo "2422"]
[BlackElo "2427"]
[WhiteEngine "Raubfisch ME262_GTZ16f_CTG"]
[BlackEngine "stockfish_9_x64_popcnt_CTG"]
[EventType "Swiss"]
[WhiteTeam ""]
[BlackTeam ""]
[PlyCount "240"]
[TimeControl "300+1"]

1. d4 d5 2. Nf3 Nf6 3. c4 e6 4. Nc3 c6 5. e3 Nbd7 6. Qc2 Bd6 7. Bd3 dxc4 
8. Bxc4 O-O 9. O-O a6 10. Rd1 b5 11. Bd3 Bb7 12. Ng5 h6 13. Nge4 Bc7 14. a3 a5 
15. b3 Qe7 16. Bb2 Nd5 17. h3 Rfd8 18. Be2 Rac8 19. Bf3 Bb8 20. Qe2 N5b6 
21. Rac1 f5 22. Nc5 Nxc5 23. dxc5 Nd5 24. Nxd5 exd5 25. Bd4 Rf8 26. g3 Be5 
27. Qb2 Bf6 28. Qd2 Qc7 29. Qc3 Ra8 30. Bxf6 Rxf6 31. h4 Re6 32. b4 a4 
33. h5 Qe7 34. Kg2 Qg5 35. Rh1 Re4 36. Qd2 Rf8 37. Kf1 Bc8 38. Qb2 Rf7 
39. Rd1 Rf8 40. Kg2 Bd7 41. Rc1 Bc8 42. Kf1 Be6 43. Rd1 Bc8 44. Be2 Be6 
45. Rd3 Qe7 46. Bf3 Bc8 47. Kg1 Be6 48. Kg2 Qg5 49. Kf1 Re8 50. Kg2 Rf8 
51. Kf1 Re8 52. Rd2 Rf8 53. Rh2 Rc4 54. Be2 Re4 55. Bf3 Re8 56. Kg2 Rf8 
57. Rd4 Qf6 58. Rh1 Bc8 59. Re1 Bd7 60. Qd2 Rfe8 61. Rd1 Rf8 62. Re1 Kh7 
63. Qd1 Kg8 64. Qa1 Qe5 65. Rd2 Qe7 66. Rh1 Qg5 67. Rd4 Qf6 68. Rd2 Qg5 
69. Rd4 Qf6 70. Rhd1 Qe7 71. Rc1 Qg5 72. Qb2 Qe7 73. Rh1 Re5 74. Bd1 Qf6 
75. Be2 Re4 76. Rd2 Qe7 77. Qc1 Bc8 78. Qb2 Bd7 79. Rhd1 Qf7 80. Kg1 f4 
81. exf4 Rfe8 82. Rc1 R8e7 83. Bf3 Re1+ 84. Rxe1 Rxe1+ 85. Kg2 Qf5 86. g4 Qxf4 
87. Qd4 Qxd4 88. Rxd4 Ra1 89. Rd3 Kf8 90. Kg3 Be6 91. Kf4 Ra2 92. Ke3 Bg8 
93. Bg2 Ke7 94. Bh3 Bh7 95. Rc3 Kf6 96. Bf1 Bg8 97. f4 Bf7 98. Bh3 g5 
99. hxg6 Bxg6 100. f5 Bf7 101. Kd4 Rf2 102. Ke3 Rh2 103. Kd4 Rd2+ 104. Ke3 Rh2 
105. Kd4 Rd2+ 106. Ke3 Rd1 107. Rd3 Re1+ 108. Kf2 Re4 109. Rg3 Rc4 110. Ke3 Rc3+ 
111. Kf4 Rc1 112. Rd3 Rc4+ 113. Kg3 Kg5 114. Kf2 Rc2+ 115. Ke3 Kh4 116. Kd4 Re2 
117. Kc3 Rh2 118. Bf1 Kxg4 119. Kd4 Kf4 120. Re3 Kxf5 0-1

[Event "Thursday Night Engine Tour 9 Rd Swiss 5m+1s Starts at 2200hrs ST"]
[Site "Infinity Chess"]
[Date "2018.4.12"]
[Round "7"]
[White "RonWeasley"]
[Black "Arch Stanton"]
[Result "1/2-1/2"]
[ECO "E20"]
[WhiteElo "2501"]
[BlackElo "2532"]
[WhiteEngine "BrainFish 090218_CTG"]
[BlackEngine "stockfish_18041209_x64_bmi2_CTG"]
[EventType "Swiss"]
[WhiteTeam ""]
[BlackTeam ""]
[PlyCount "176"]
[TimeControl "300+1"]

1. d4 Nf6 2. c4 e6 3. Nc3 d5 4. Nf3 c6 5. Bg5 h6 6. Bxf6 Qxf6 7. e3 Nd7 
8. Be2 g6 9. O-O Qe7 10. e4 dxc4 11. Bxc4 Bg7 12. e5 O-O 13. Re1 Rd8 14. Rc1 b5 
15. Bd3 Bb7 16. Ne4 c5 17. Nxc5 Nxc5 18. dxc5 Qc7 19. h3 Bxf3 20. Qxf3 Bxe5 
21. b4 a5 22. Be4 Rac8 23. bxa5 Bb2 24. Rc2 Qxa5 25. Rb1 Bd4 26. c6 b4 
27. Qg3 Kg7 28. Qb3 Be5 29. g3 Rb8 30. Bf3 Bc7 31. Kg2 Qe5 32. Re2 Qf6 
33. Qc2 Rd4 34. a3 h5 35. h4 Rb6 36. Re3 Qd8 37. axb4 Rbxb4 38. Reb3 Rbc4 
39. Qb2 e5 40. Rc1 Ra4 41. Rb7 Qd6 42. Rc2 Rd3 43. Be2 Rda3 44. Rc3 Ra2 
45. Qb5 Re4 46. Bf1 Rxf2+ 47. Kxf2 Qd4+ 48. Kg2 Qxc3 49. Rxc7 Re3 50. Qd5 Rxg3+ 
51. Kh2 Rf3 52. Bg2 Rf4 53. Qd8 Qc4 54. Qg5 Rxh4+ 55. Bh3 Qc2+ 56. Qg2 Qc5 
57. Rb7 Qc4 58. Qf2 Rf4 59. Qg2 Rh4 60. Rb2 Qc3 61. Rf2 Qc5 62. Rc2 Rc4 
63. Rxc4 Qxc4 64. Kg1 e4 65. Qb2+ f6 66. Qb7+ Kh6 67. c7 Qc5+ 68. Kh1 Qc1+ 
69. Kg2 Qd2+ 70. Kf1 Qd1+ 71. Kg2 Qc2+ 72. Kf1 Qd1+ 73. Kg2 Qd2+ 74. Kf1 e3 
75. Qf3 Qc1+ 76. Ke2 Qxc7 77. Qxe3+ Kg7 78. Ke1 f5 79. Bg2 Kf6 80. Kf2 Qc2+ 
81. Kg1 Qd1+ 82. Kh2 Qd6+ 83. Kg1 h4 84. Qc3+ Qe5 85. Qxe5+ Kxe5 86. Kf2 g5 
87. Bb7 g4 88. Kg2 f4 1/2-1/2

[Event "Thursday Night Engine Tour 9 Rd Swiss 5m+1s Starts at 2200hrs ST"]
[Site "Infinity Chess"]
[Date "2018.4.12"]
[Round "7"]
[White "localhero"]
[Black "OlivierEvan"]
[Result "1-0"]
[ECO "B28"]
[WhiteElo "2491"]
[BlackElo "2457"]
[WhiteEngine "asmFishW_2017-10-04_popcnt"]
[BlackEngine "Houdini 6"]
[EventType "Swiss"]
[WhiteTeam ""]
[BlackTeam ""]
[PlyCount "181"]
[TimeControl "300+1"]

1. e4 c5 2. Nf3 a6 3. Nc3 d6 4. d4 cxd4 5. Nxd4 Nf6 6. Be3 e5 7. Nb3 Be6 
8. f3 Be7 9. Qd2 h5 10. Nd5 Nxd5 11. exd5 Bf5 12. Be2 O-O 13. O-O Bg6 14. Na5 b6 
15. Nc4 Nd7 16. a4 Rc8 17. c3 f5 18. f4 a5 19. Rad1 e4 20. b4 Be8 21. Rb1 h4 
22. Rfc1 g6 23. Bd4 Qc7 24. Qe3 Rb8 25. bxa5 bxa5 26. Rxb8 Nxb8 27. g4 hxg3 
28. Qxg3 Bf6 29. Bb6 Qe7 30. Rb1 Bh4 31. Qg2 Bf6 32. Bxa5 Na6 33. Kh1 Nc5 
34. Bb4 Qc7 35. a5 Bf7 36. Rg1 Rc8 37. Nb6 Nd3 38. Nxc8 Qxc8 39. Qg3 Qc4 
40. Rd1 Qb3 41. a6 Kg7 42. Kg1 Bxd5 43. Rxd3 exd3 44. Qxd3 Kh6 45. Qh3+ Kg7 
46. Qd3 Kh6 47. Bf1 Kg7 48. a7 Qa2 49. Qe3 Qa1 50. h3 g5 51. Bxd6 gxf4 
52. Bxf4 Be4 53. Qc5 Bxc3 54. Qe7+ Kg6 55. Be3 Qe1 56. Qe6+ Kg7 57. Qe7+ Kg6 
58. Qe6+ Kg7 59. Qh6+ Kf7 60. Qh7+ Bg7 61. Qh5+ Kf8 62. Bc5+ Kg8 63. Qg6 Kh8 
64. Bf2 Qa1 65. Qa6 Qxa6 66. Bxa6 f4 67. Kf1 f3 68. Bc5 Bf6 69. Kf2 Bc6 
70. Kg3 Bc3 71. h4 Kg7 72. Kf4 Kf6 73. h5 Be5+ 74. Kg4 Bc3 75. h6 Ke6 
76. Bc4+ Ke5 77. Bf8 Kd4 78. Ba6 Ke3 79. Bg7 Bxg7 80. hxg7 Bd5 81. g8=Q Bxg8 
82. a8=Q Be6+ 83. Kg3 f2 84. Qe8 Kd4 85. Qxe6 f1=Q 86. Qb6+ Kc3 87. Bxf1 Kd2 
88. Qb2+ Ke3 89. Qf2+ Ke4 90. Bc4 Ke5 91. Qf4# 1-0

[Event "Thursday Night Engine Tour 9 Rd Swiss 5m+1s Starts at 2200hrs ST"]
[Site "Infinity Chess"]
[Date "2018.4.12"]
[Round "7"]
[White "Deep_Impact"]
[Black "star99"]
[Result "1/2-1/2"]
[ECO "A50"]
[WhiteElo "2495"]
[BlackElo "2511"]
[WhiteEngine "asmFishW_2018-04-07_bmi2"]
[BlackEngine "Cryptic Heroes 9.4B"]
[EventType "Swiss"]
[WhiteTeam ""]
[BlackTeam ""]
[PlyCount "67"]
[TimeControl "300+1"]

1. d4 Nf6 2. c4 c6 3. Nf3 d5 4. Nc3 e6 5. Bg5 h6 6. Bxf6 Qxf6 7. e3 Qd8 
8. Bd3 Be7 9. Qc2 O-O 10. O-O b6 11. cxd5 cxd5 12. Ne5 Bb7 13. f4 Nd7 
14. Qf2 Bd6 15. Nb5 Bb8 16. Nc3 Bd6 17. Nb5 Bb8 18. g4 Bxe5 19. fxe5 Ba6 
20. Qg3 f6 21. exf6 Nxf6 22. a4 Qe7 23. g5 Nh5 24. Rxf8+ Rxf8 25. Qh4 Qxg5+ 
26. Qxg5 hxg5 27. Bg6 Bxb5 28. axb5 Nf6 29. Rxa7 Ng4 30. Ra3 Rf6 31. Ra8+ Rf8 
32. Ra3 Rf6 33. Ra8+ Rf8 34. Ra3 1/2-1/2

[Event "Thursday Night Engine Tour 9 Rd Swiss 5m+1s Starts at 2200hrs ST"]
[Site "Infinity Chess"]
[Date "2018.4.12"]
[Round "7"]
[White "Time_bandit"]
[Black "MGR"]
[Result "1/2-1/2"]
[ECO "C77"]
[WhiteElo "2568"]
[BlackElo "2500"]
[WhiteEngine "asmFishW_2018-02-02_popcnt"]
[BlackEngine "asmFishW_2018-04-08_bmi2"]
[EventType "Swiss"]
[WhiteTeam ""]
[BlackTeam ""]
[PlyCount "196"]
[TimeControl "300+1"]

1. e4 e5 2. Nf3 Nc6 3. Bb5 a6 4. Ba4 Nf6 5. O-O Be7 6. Re1 b5 7. Bb3 O-O 
8. c3 d5 9. exd5 Nxd5 10. Nxe5 Nxe5 11. Rxe5 c6 12. d4 Bd6 13. Re1 Qh4 
14. g3 Qh3 15. Be3 Bg4 16. Qd3 Rae8 17. Nd2 Re6 18. a4 Qh5 19. axb5 axb5 
20. Nf1 Bf5 21. Qd2 Bh3 22. Bd1 Qg6 23. Bf3 Qf5 24. Qd1 h5 25. Ra6 Bb8 
26. Be2 Qe4 27. Bf3 Qf5 28. Bh1 h4 29. Bd2 Rf6 30. Qe2 Re6 31. Qf3 Rxe1 
32. Bxe1 Bf4 33. Bg2 Bg4 34. Qe4 Qc8 35. Ra1 Re8 36. Qc2 Bf5 37. Qb3 Bd3 
38. Qd1 Be2 39. Qc2 h3 40. Be4 Qg4 41. Bf5 Qh5 42. gxf4 Qf3 43. Qe4 Qxe4 
44. Bxe4 Rxe4 45. Bd2 Bf3 46. Ng3 Re7 47. b3 Rd7 48. Nf5 Nf6 49. Ng3 c5 
50. Be3 cxd4 51. Bxd4 Nd5 52. Ra8+ Kh7 53. Ra7 Rxa7 54. Bxa7 Nxc3 55. Be3 Bg2 
56. Bc5 Kg6 57. Bd4 Nd5 58. f5+ Kh7 59. Ne2 Ne7 60. f6 Nf5 61. Be3 gxf6 
62. Nd4 Nxd4 63. Bxd4 Kg6 64. f4 Bd5 65. b4 Kf5 66. Kf2 Kxf4 67. Bxf6 Bb3 
68. Bc3 f5 69. Bd2+ Kg4 70. Ke3 Bc2 71. Kd4 Ba4 72. Ke5 Bc2 73. Bc1 Bd1 
74. Bd2 Bc2 75. Be3 Be4 76. Bc1 Bd3 77. Bd2 Be4 78. Bf4 Bc2 79. Bd2 Bd1 
80. Bh6 Bc2 81. Be3 Kf3 82. Bh6 Kg2 83. Bf4 Bb1 84. Kd4 Bc2 85. Kd5 Bb1 
86. Kd4 Be4 87. Kc5 Kf3 88. Bg5 Bd3 89. Kd4 Bc2 90. Ke5 Be4 91. Bc1 Kg2 
92. Bf4 Bc2 93. Bg3 Bb3 94. Kxf5 Kf3 95. Be5 Bg8 96. Bg3 Bb3 97. Be1 Kg2 
98. Bg3 Kf3 1/2-1/2

[Event "Thursday Night Engine Tour 9 Rd Swiss 5m+1s Starts at 2200hrs ST"]
[Site "Infinity Chess"]
[Date "2018.4.12"]
[Round "7"]
[White "ocirema"]
[Black "Victorious"]
[Result "0-1"]
[ECO "C50"]
[WhiteElo "2516"]
[BlackElo "2588"]
[WhiteEngine "asmFishW_2018-04-11_popcnt"]
[BlackEngine "Cfish_x64_060418_LTO_popcnt"]
[EventType "Swiss"]
[WhiteTeam ""]
[BlackTeam ""]
[PlyCount "105"]
[TimeControl "300+1"]

1. e4 e5 2. Nf3 Nc6 3. Bc4 Bc5 4. O-O Nf6 5. d3 d6 6. c3 a5 7. Bg5 Ba7 
8. Nbd2 h6 9. Bh4 O-O 10. Re1 g5 11. Bg3 Nh7 12. h3 g4 13. hxg4 Bxg4 14. Qb3 a4 
15. Qc2 Qf6 16. Nh4 Kh8 17. Nf1 Rg8 18. Ne3 Bd7 19. Bb5 Rxg3 20. fxg3 Qg5 
21. Qf2 Nf6 22. Nf3 Qg7 23. Nh2 Nb4 24. Bxd7 Nxd3 25. Qf5 Nxd7 26. Qxd7 Qxg3 
27. Qh3 Qxh3 28. gxh3 Rg8+ 29. Kf1 Rg3 30. Ng2 Rxh3 31. Ng4 h5 32. N4e3 d5 
33. exd5 Nxe1 34. Rxe1 f5 35. Nd1 e4 36. Nge3 f4 37. Nc4 Rh1+ 38. Ke2 Rh2+ 
39. Kf1 f3 40. Nce3 Kh7 41. Nf2 Kg6 42. c4 Rh4 43. b3 axb3 44. axb3 Bc5 
45. Kg1 Kg5 46. Ned1 Kf5 47. Kf1 Bb4 48. Re3 b6 49. Nxe4 Rxe4 50. Rxf3+ Rf4 
51. Ne3+ Ke4 52. Rxf4+ Kxf4 53. Nc2 0-1